 Dungeon Crawl Stone Soup version 0.29.1-2-gbd0b4ee654 (webtiles) character file.

Game seed: 7854572477389167711

22 avis the Chopper (level 2, -5/27 HPs)
             Began as a Hill Orc Monk on Oct 28, 2022.
             Slain by a gnoll
             ... wielding a +0 club
              (7 damage)
             ... on level 1 of the Dungeon.
             The game lasted 00:02:10 (862 turns).

avis the Chopper (Hill Orc Monk)                     Turns: 862, Time: 00:02:10

Health: -5/27      AC:  2    Str: 13    XL:     2   Next: 91%
Magic:  2/2        EV: 12    Int: 10    God:
Gold:   20         SH:  0    Dex: 13    Spells: 1/1 levels left

rFire   . . .      SeeInvis .   a - +0 hand axe
rCold   . . .      Faith    .   (no shield)
rNeg    . . .      Spirit   .   b - +0 robe
rPois   .          Reflect  .   (no helmet)
rElec   .          Harm     .   (no cloak)
rCorr   .          Rampage  .   (no gloves)
Will    .....                   (no boots)
Stlth   ++........              (no amulet)
HPRegen 0.09/turn               (no ring)
MPRegen 0.08/turn               (no ring)

@: no status effects
A: no striking features
a: no special abilities


You were on level 1 of the Dungeon.
You visited 1 branch of the dungeon, and saw 1 of its levels.

You collected 20 gold pieces.

Inventory:

Hand Weapons
 a - a +0 hand axe (weapon)
Armour
 b - a +0 robe (worn)
Scrolls
 d - a scroll of fear {unknown}
 e - a scroll of blinking {unknown}
 f - a scroll of poison {unknown}
Potions
 c - a potion of ambrosia


   Skills:
 - Level 4.0 Fighting
 * Level 5.0 Axes
 - Level 2.4 Dodging
 - Level 1.5 Stealth


You had one spell level left.
You didn't know any spells.
Your spell library was empty.

Dungeon Overview and Level Annotations

Branches:
Dungeon (1/15)

Altars:


Message History

You slash the kobold!
You kill the kobold!
A gnoll comes into view. It is wielding a +0 club.
Your Axes skill increases to level 5!
Things that are here:
a +0 short sword; a kobold corpse You hit the goblin.
The goblin is heavily wounded.
The goblin barely misses you.
You hit the goblin.
You kill the goblin!
You barely miss the gnoll. The gnoll hits you with a +0 club.
You hit the gnoll.
The gnoll is lightly wounded.
The gnoll hits you with a +0 club!
You hit the gnoll.
The gnoll is moderately wounded.
The gnoll hits you with a +0 club.
You hit the gnoll but do no damage.
The gnoll is moderately wounded.
The gnoll barely misses you.
You hit the gnoll.
The gnoll is severely wounded.
The gnoll misses you.
You closely miss the gnoll.
The gnoll is severely wounded.
The gnoll hits you but does no damage.
You hit the gnoll but do no damage.
The gnoll is severely wounded.
The gnoll hits you with a +0 club.
* * * LOW HITPOINT WARNING * * *
The gnoll closely misses you.
You barely miss the gnoll.
The gnoll is severely wounded.
The gnoll hits you with a +0 club.
* * * LOW HITPOINT WARNING * * *
You barely miss the gnoll.
The gnoll is severely wounded.
The gnoll hits you with a +0 club!
You die...

#.... # ###############
#.... #
#...!.........###.... #
#.............'.#.... #
#.............#.#.... #
#..g@.........#.#.... ######
#.............#.#.... ......
........................
####
###############.##...... #
#.[..##.#######) # #.##.##.#
#. ############## #.##.##.#
#. .............# #.##....#
####.
############.#####...รทรท###
#....


You could see a gnoll.

Vanquished Creatures
  2 ball pythons (D:1)
  2 bats (D:1)
  2 endoplasms (D:1)
  A giant cockroach (D:1)
  2 goblins (D:1)
  2 hobgoblins (D:1)
  2 kobolds (D:1)
  2 quokkas (D:1)
  2 frilled lizards (D:1)
  2 rats (D:1)
19 creatures vanquished.

Notes
Turn   | Place    | Note
-------+----------+-------------------------------------------
     0 | D:1      | avis the Hill Orc Monk began the quest for the Orb.
     0 | D:1      | Reached XP level 1. HP: 19/19 MP: 1/1
    19 | D:1      | Noticed a floating eye
    22 | D:1      | Found a faded altar of an unknown god.
    23 | D:1      | Noticed a great orb of eyes
    23 | D:1      | Noticed a golden eye
    23 | D:1      | Noticed an eye of devastation
   182 | D:1      | Reached XP level 2. HP: 21/27 MP: 2/2
   849 | D:1      | Reached skill level 5 in Axes
   862 | D:1      | Slain by a gnoll

Illustrated notes

Levels and vault maps discovered:
D:1:      ebering_hopf_link, layout_basic,
          hellmonk_ecumenical_altar_watching_god

Skill      XL: |  1  2 |
---------------+-------+-----
Fighting       | 4 |  4.0
Axes           | 5 |  5.0
Dodging        | |  2.4
Stealth        | |  1.5

Action                   || total
-------------------------++-------
Melee: Hand axe          ||    70
Armor: Robe              ||    11
Dodge: Dodged            ||    48
